 Dungeon Crawl Stone Soup version 0.29-a0-271-gd4eb659eea (webtiles) character file.

Game seed: 6907659430943113109

11970 spaghetti the Cleaver (level 11, -6/86 HPs)
             Began as a Demonspawn Berserker on Mar 8, 2022.
             Was a High Priest of Trog.
             Mangled by an efreet
             ... wielding a +4 scimitar of flaming
              (10 damage)
             ... on level 10 of the Dungeon.
             The game lasted 00:14:48 (7857 turns).

spaghetti the Cleaver (Demonspawn Berserker)        Turns: 7857, Time: 00:14:49

Health: -6/86      AC: 14    Str: 24    XL:     11   Next: 56%
Magic:  11/11      EV: 12    Int:  9    God:    Trog [*****.]
Gold:   177        SH:  4    Dex: 12    Spells: 10/10 levels left

rFire   . . .      SeeInvis .   t - +0 trident (elec) {polearm}
rCold   . . .      Faith    .   (no shield)
rNeg    . . .      Spirit   .   E - +0 plate armour
rPois   .          Reflect  .   (helmet restricted)
rElec   .          Harm     .   (no cloak)
rCorr   .          Rampage  .   (no gloves)
Will    .....                   (no boots)
Stlth   ..........              n - amulet of regeneration {@e2}
HPRegen 1.04/turn               C - +4 ring of protection
MPRegen 0.12/turn               s - +4 ring of slaying

@: on berserk cooldown, slowed, invisible, very slow
A: antennae 2, foul stench 1, spiny 1, sturdy frame 3, large bone plates 1,
strong 1
a: Renounce Religion, Berserk, Trog's Hand, Brothers in Arms


You were on level 10 of the Dungeon.
You worshipped Trog.
Trog was extremely pleased with you.
You visited 1 branch of the dungeon, and saw 10 of its levels.

You collected 515 gold pieces.
You spent 338 gold pieces at shops.


Innate Abilities, Weirdness & Mutations

You have a pair of antennae on your head.
You may rarely emit foul miasma when damaged in melee.
You are partially covered in sharp spines.
Your movements are significantly less encumbered by armour. (ER -6)
You are partially covered in large bone plates. (SH +4)
Your muscles are strong. (Str +2)


   Skills:
 - Level 8.0 Fighting
 + Level 10.6(11.7) Axes
 - Level 7.9(10.4) Polearms
 - Level 1.7 Armour
 - Level 9.1 Dodging


You had 10 spell levels left.
You didn't know any spells.
Your spell library contained the following spells:

 Spells                   Type           Power      Damage    Failure   Level
 Animate Skeleton         Necr           0%         N/A       83%         1
 Apportation              Tloc           0%         N/A       83%         1
 Slow                     Hex            0%         N/A       83%         1
 Summon Small Mammal      Summ           0%         N/A       83%         1
 Corpse Rot               Necr/Air       0%         N/A       92%         2
 Confusing Touch          Hex            0%         N/A       99%         3
 Vampiric Draining        Necr           0%         2d6       99%         3
 Dispel Undead            Necr           0%         3d6       100%        4
 Death Channel            Necr           0%         N/A       100%        6

Inventory:

Hand Weapons
 t - a +0 trident of electrocution (weapon) {polearm}
   (You took it off an orc on level 4 of the Dungeon)
 H - a +0 executioner's axe of freezing {axerare=g}
   (You bought it in a shop on level 5 of the Dungeon)
Missiles
 f - 327 stones (quivered) {throwing}
 m - 2 javelins {throwing}
 o - 13 poisoned darts {throwing}
 z - a curare-tipped dart {=fthrowing}
 D - 7 boomerangs {throwing}
Armour
 b - a +0 animal skin
 E - a +0 plate armour (worn)
   (You found it on level 6 of the Dungeon)
Magical Staves
 d - a staff of poison {forbidden!astaff}
   (You found it on level 4 of the Dungeon)
 r - a staff of death {forbidden!astaff}
   (You found it on level 3 of the Dungeon)
Jewellery
 e - a +6 ring of intelligence
   (You found it on level 1 of the Dungeon)
 n - an amulet of regeneration (around neck) {@e2}
   (You found it on level 2 of the Dungeon)
 s - a +4 ring of slaying (right hand)
   (You found it on level 4 of the Dungeon)
 w - a ring of wizardry
   (You took it off an orc on level 8 of the Dungeon)
 y - a +6 ring of dexterity
   (You found it on level 7 of the Dungeon)
 C - a +4 ring of protection (left hand)
   (You found it on level 7 of the Dungeon)
Wands
 h - a wand of polymorph (19)
   (You found it on level 3 of the Dungeon)
 v - a wand of flame (23)
   (You took it off Robin on level 4 of the Dungeon)
 B - a wand of charming (9)
   (You found it on level 7 of the Dungeon)
Scrolls
 c - a scroll of blinking {!r}
 g - 2 scrolls of noise {!r}
 i - a scroll of summoning
 j - 3 scrolls of immolation {!r!r}
 l - 5 scrolls of teleportation {@r4}
 q - a scroll of fear
 u - a scroll of enchant armour
 x - 2 scrolls of magic mapping {!r}
Potions
 k - a potion of degeneration {!q@e2}
 p - 5 potions of curing {@q1}
 A - a potion of flight
 F - a potion of lignification {!q}

Dungeon Overview and Level Annotations

Branches:
Dungeon (10/15)            Temple (0/1) D:4
   Lair: D:8-11         Orc: D:9-12

Altars:
Kikubaaqudgha
Makhleb
Nemelex Xobeh
Okawaru
Trog
Beogh

Shops:
D:5

*( .. .#p #.# ###
.. .#=# #h# .##.#
.g #o#=.[ #.
#.###.# ##.
#○#R.....) #..
#@## ##.. #..#
#...
##.#########.##...
##.........##..##
#.........#.....
##...##..##.####
#..##...#..# ##
..##..#..##..# #.
..#.....#...# #.


You could see a death knight (can't see you), an efreet (can't see you), an orc
warrior (can't see you, fleeing), a gnoll shaman (can't see you) and a howler
monkey (can't see you, fleeing).


Message History

You take 2 damage, and now have 46/129 hp.
You puncture the cyclops! The unseen horror closely misses you.
The boulder beetle leaps!
You impale the cyclops!! Lightning courses through the cyclops!
The unseen horror closely misses you.
The acid dragon is struck by your spines.
The acid dragon barely misses you.
The acid dragon claws you but does no damage. 😨 HP[+1]
You puncture the cyclops!
You kill the cyclops!
Trog accepts your kill. The unseen horror misses you.
The howler monkey hoots and howls with incredible vigour!
You hear a howl!
You hear a roar!
You hear a bellow! x4
You hit the acid dragon but do no damage.
The unseen horror stops glowing and disappears.
Something hits you but does no damage.
Deactivating autopickup; reactivate with Ctrl-A.
The acid dragon bites you.
* * * LOW HITPOINT WARNING * * *
The acid dragon misses you. 😨 HP[-4]
You take 4 damage, and now have 43/129 hp.
You puncture the acid dragon! Something hits you but does no damage.
You puncture the acid dragon! Something hits you!
* * * LOW HITPOINT WARNING * * *
The efreet is struck by your spines. The efreet barely misses you.
The acid dragon is struck by your spines.
The acid dragon misses you.
The acid dragon claws you but does no damage. 😨 HP[-7]
You take 7 damage, and now have 36/129 hp.
You completely miss the acid dragon.
Something hits you but does no damage. x2 😨 HP[+1]
You puncture the acid dragon!
Lightning courses through the acid dragon!
You feel the power of Trog in you as your rage grows.
You kill the acid dragon!
Trog accepts your kill. The efreet closely misses you. Something hits you.
* * * LOW HITPOINT WARNING * * *
You emit a cloud of foul miasma! 😨 HP[-2]
You take 2 damage, and now have 35/129 hp.
You hit the efreet. Something hits you but does no damage.
The efreet completely misses you. 😨 HP[+1]
You hit the efreet. Something hits you.
* * * LOW HITPOINT WARNING * * *
😨 HP[-3]
You take 3 damage, and now have 33/129 hp.
You hit the efreet. Something hits you but does no damage.
You block something's attack. The efreet is struck by your spines.
The efreet hits you with a +4 scimitar of flaming.
* * * LOW HITPOINT WARNING * * *
The efreet burns you.
* * * LOW HITPOINT WARNING * * *
The orc warrior misses you. 😱 HP[-7]
You take 7 damage, and now have 26/129 hp.
You hit the efreet.
Something hits you but does no damage. 😱 HP[+1]
You barely miss the efreet. You punch the efreet. You block something's attack.
The efreet gestures at you. The bolt of fire hits you.
* * * LOW HITPOINT WARNING * * *
The orc warrior misses you. 😱 HP[-5]
You take 5 damage, and now have 22/129 hp.
You barely miss the efreet.
Something hits you but does no damage. 😱 HP[+1]
You barely miss the efreet.
You are no longer berserk.
You are exhausted.
You feel yourself slow down. Trog accepts your kill.
Reactivating autopickup.
You feel a bit more experienced. The efreet is struck by your spines.
The efreet hits you with a +4 scimitar of flaming.
* * * LOW HITPOINT WARNING * * *
The efreet burns you.
* * * LOW HITPOINT WARNING * * *
The orc warrior closely misses you. 😱 HP[-11]
You now have 86 max hp (-43).
As you read the scroll of fear, it crumbles to dust.
You assume a fearsome visage.
The howler monkey looks frightened!
The orc warrior looks frightened!
The efreet looks frightened!
The efreet gestures at you.
The fireball explodes!
The fireball engulfs you!
* * * LOW HITPOINT WARNING * * *
The fireball engulfs the efreet.
The efreet completely resists.
You hear a shout!
You hear a howl!
You hear a shout! 😱 HP[-10]
You take 10 damage, and now have 2/86 hp.
Okay, then.
You fade into invisibility!
The efreet hits you with a +4 scimitar of flaming!
You die...

Skill      XL: |  1  2  3  4  5  6  7  8  9 10 11 |
---------------+----------------------------------+-----
Polearms       | 3 4 5 6 7 |  7.9
Fighting       | 5 8 |  8.0
Dodging        | 4 8 9 |  9.1
Axes           | 8 10 | 10.6
Armour         | |  1.7

Action                   |  1- 3 |  4- 6 |  7- 9 | 10-12 || total
-------------------------+-------+-------+-------+-------++-------
Melee: Spear             |   142 |   183 |       |       ||   325
       Punch             |       |     1 |     2 |     3 ||     6
       Trident           |       |    44 |   234 |   186 ||   464
Invok: Berserk           |     3 |     6 |    10 |     5 ||    24
       Trog's Hand       |       |       |     1 |       ||     1
       Brothers in Arms  |       |       |     1 |       ||     1
  Use: Scroll            |       |     9 |     6 |     5 ||    20
       Potion            |       |     1 |     3 |     2 ||     6
 Stab: Sleeping          |     4 |     1 |     2 |       ||     7
       Distracted        |       |     1 |       |       ||     1
Armor: Animal skin       |    24 |    35 |    15 |       ||    74
       Plate armour      |       |       |    28 |    78 ||   106
Dodge: Dodged            |    62 |   114 |   103 |    99 ||   378
Block: Other             |       |       |     5 |    21 ||    26

Levels and vault maps discovered:
D:1:      shiori_arrival_whats_in_store_for_you, layout_basic,
          basic_ecumenical_altar
D:2:      layout_loops_corners, st_stairs_12, chequers_serial_rivers_micro_e,
          minivault_14, grunt_ministairs_2, kennysheep_minor_cross,
          minmay_heptomino_d4
D:3:      layout_basic, ebering_ghost_inner_flame
D:4:      layout_cave_pools, okawaru_ov_weapons_minmay,
          minmay_temple_entry_sparse_star, uniq_robin
D:5:      layout_basic, nicolae_wooded_promenade
D:6:      layout_cave_pools, st_stairs_5, lightli_church_of_beogh
D:7:      layout_loops_ring, overflow_temple_1_default, lightli_temple_of_fire,
          chequers_decorated_corner
D:8:      layout_rooms, gammafunk_temple_overflow_elements
D:9:      layout_rooms
D:10:     minmay_the_grid_triangle_9x9_recursive_2
          [minmay_the_grid_triangle_9x9_prize_top_heavy,
          minmay_the_grid_triangle_9x9_steps,
          minmay_the_grid_triangle_9x9_skeleton,
          minmay_the_grid_triangle_9x9_pentomino_pain], layout_loops_ring,
          mainiacjoe_overflow_tiny_flanked, fungi_pond_lemuel,
          grunt_ministairs_6

Notes
Turn   | Place    | Note
-------+----------+-------------------------------------------
     0 | D:1      | spaghetti the Demonspawn Berserker began the quest for the
                  | Orb.
     0 | D:1      | Reached XP level 1. HP: 18/18 MP: 1/1
     0 | D:1      | magus.rc [v1.9.6]
     2 | D:1      | Noticed an iron dragon
     2 | D:1      | Noticed a tentacled monstrosity
     4 | D:1      | Noticed an iron dragon
     6 | D:1      | Noticed a shadow dragon
    15 | D:1      | Noticed a tentacled monstrosity
    15 | D:1      | Noticed a green draconian
    17 | D:1      | Noticed a purple draconian
    17 | D:1      | Noticed an orb of fire
    17 | D:1      | Noticed a tentacled monstrosity
    19 | D:1      | Noticed an orb of fire
    19 | D:1      | Noticed a shadow dragon
    21 | D:1      | Noticed a shadow dragon
    79 | D:1      | Reached skill level 3 in Polearms
    82 | D:1      | Found a faded altar of an unknown god.
    84 | D:1      | Gained mutation: Your movements are slightly less
                  | encumbered by armour. (ER -2) [demonic ancestry]
    84 | D:1      | Reached XP level 2. HP: 21/24 MP: 2/2
   709 | D:1      | Gained mutation: You have a pair of small antennae on your
                  | head. [demonic ancestry]
   709 | D:1      | Reached XP level 3. HP: 27/29 MP: 3/3
   948 | D:1      | Reached ** piety under Trog
   979 | D:1      | Reached skill level 4 in Polearms
  1069 | D:2      | You pick up a book of Debilitation {forbidden} and begin
                  | reading...
  1069 | D:2      | You add the spells Slow, Vampiric Draining and Confusing
                  | Touch to your library.
  1407 | D:2      | You pick up a book of Decay {forbidden} and begin
                  | reading...
  1407 | D:2      | You add the spells Corpse Rot, Dispel Undead and Death
                  | Channel to your library.
  1452 | D:2      | Gained mutation: You have a pair of antennae on your head.
                  | [demonic ancestry]
  1452 | D:2      | Reached XP level 4. HP: 35/35 MP: 4/4
  2477 | D:3      | Reached skill level 5 in Polearms
  2562 | D:3      | Found a runed translucent door.
  2563 | D:3      | Noticed bande's ghost (amateur GrFi)
  2637 | D:3      | Reached XP level 5. HP: 41/41 MP: 5/5
  3025 | D:3      | Killed bande's ghost
  3026 | D:3      | Reached skill level 6 in Polearms
  3026 | D:3      | Gained mutation: You are partially covered in sharp spines.
                  | [demonic ancestry]
  3026 | D:3      | Reached XP level 6. HP: 34/47 MP: 6/6
  3147 | D:4      | Noticed Robin
  3161 | D:4      | Killed Robin
  3173 | D:4      | Reached *** piety under Trog
  3261 | D:4      | Reached skill level 7 in Polearms
  3336 | D:4      | Gained mutation: You may rarely emit foul miasma when
                  | damaged in melee. [demonic ancestry]
  3336 | D:4      | Reached XP level 7. HP: 52/52 MP: 7/7
  3392 | D:4      | Found an iron altar of Okawaru.
  3511 | D:4      | Found a staircase to the Ecumenical Temple.
  3635 | D:5      | Entered Level 5 of the Dungeon
  3635 | D:5      | Found Zestreash's General Store.
  3645 | D:5      | Found Sikkai's General Store.
  3645 | D:5      | Found Dazuzua's Antique Weapon Emporium.
  3660 | D:5      | You pick up a book of Cantrips {forbidden} and begin
                  | reading...
  3660 | D:5      | You add the spells Animate Skeleton, Summon Small Mammal
                  | and Apportation to your library.
  3749 | D:5      | Noticed a wraith
  3762 | D:5      | Killed a wraith
  3763 | D:5      | Reached skill level 4 in Fighting
  3875 | D:5      | Reached skill level 5 in Fighting
  3918 | D:5      | Gained mutation: Your movements are less encumbered by
                  | armour. (ER -4) [demonic ancestry]
  3918 | D:5      | Reached XP level 8. HP: 63/63 MP: 8/8
  3962 | D:5      | You fall into a shaft and drop 2 floors!
  4035 | D:7      | Noticed a gargoyle
  4044 | D:7      | Killed a gargoyle
  4045 | D:7      | Reached skill level 7 in Fighting
  4370 | D:7      | Found a bloodstained altar of Trog.
  4407 | D:7      | Reached skill level 8 in Fighting
  4407 | D:7      | Reached skill level 2 in Dodging
  4578 | D:7      | Found a burning altar of Makhleb.
  4794 | D:6      | Reached skill level 3 in Dodging
  4799 | D:6      | Reached skill level 4 in Dodging
  4799 | D:6      | Reached XP level 9. HP: 74/74 MP: 9/9
  4968 | D:6      | Reached **** piety under Trog
  5098 | D:6      | Found a runed translucent door.
  5148 | D:6      | Noticed a troll
  5156 | D:6      | Killed a troll
  5157 | D:6      | Reached skill level 5 in Dodging
  5471 | D:6      | Reached skill level 6 in Dodging
  5824 | D:8      | Reached skill level 7 in Dodging
  5848 | D:8      | Gained mutation: Your muscles are strong. (Str +2) [potion
                  | of mutation]
  5848 | D:8      | Gained mutation: You are partially covered in large bone
                  | plates. (SH +4) [potion of mutation]
  5870 | D:8      | Reached skill level 8 in Dodging
  5977 | D:8      | Gained mutation: Your movements are significantly less
                  | encumbered by armour. (ER -6) [demonic ancestry]
  5977 | D:8      | Reached XP level 10. HP: 74/80 MP: 10/10
  6021 | D:8      | Reached skill level 9 in Dodging
  6211 | D:5      | Bought a glowing executioner's axe for 338 gold pieces
  6211 | D:5      | H - a +0 executioner's axe of freezing {axerare=g}
  6311 | D:5      | your +0 executioner's axe of freezing {axerare=g} glows
                  | with a cold blue light!
  6311 | D:5      | H - a +0 executioner's axe of freezing (weapon) {axerare=g}
  6312 | D:5      | your +0 executioner's axe of freezing {axerare=g} stops
                  | glowing.
  6693 | D:5      | Reached skill level 1 in Axes
  6861 | D:8      | Found a sparkling altar of Nemelex Xobeh.
  6861 | D:8      | Found an ancient bone altar of Kikubaaqudgha.
  6951 | D:8      | Reached skill level 2 in Axes
  7117 | D:9      | Reached skill level 3 in Axes
  7128 | D:9      | HP: 28/120 [poisoned by a gnoll sergeant]
  7130 | D:9      | HP: 13/80 [poisoned by a gnoll sergeant]
  7135 | D:9      | Reached skill level 4 in Axes
  7227 | D:9      | Noticed a two-headed ogre
  7227 | D:9      | Noticed a two-headed ogre
  7236 | D:9      | Killed a two-headed ogre
  7237 | D:9      | Reached skill level 6 in Axes
  7240 | D:9      | Killed a two-headed ogre
  7341 | D:9      | Reached skill level 7 in Axes
  7566 | D:10     | Entered Level 10 of the Dungeon
  7597 | D:10     | Reached skill level 8 in Axes
  7597 | D:10     | Reached XP level 11. HP: 86/86 MP: 11/11
  7651 | D:10     | Noticed a two-headed ogre
  7660 | D:10     | Killed a two-headed ogre
  7701 | D:10     | Reached ***** piety under Trog
  7795 | D:10     | Reached skill level 9 in Axes
  7811 | D:10     | Noticed a purple ugly thing
  7813 | D:10     | Noticed a centaur warrior
  7813 | D:10     | Noticed a deep elf pyromancer
  7813 | D:10     | Noticed a brown ugly thing
  7813 | D:10     | Noticed a boulder beetle
  7819 | D:10     | Noticed a death knight
  7820 | D:10     | Killed a purple ugly thing
  7825 | D:10     | Killed a centaur warrior
  7831 | D:10     | Killed a brown ugly thing
  7832 | D:10     | Reached skill level 10 in Axes
  7840 | D:10     | Killed a deep elf pyromancer
  7851 | D:10     | HP: 29/129 [efreet/+4 scimitar of flaming (5)]
  7855 | D:10     | HP: 13/86 [efreet/+4 scimitar of flaming (3)]
  7856 | D:10     | HP: 2/86 [efreet/fireball (11)]
  7857 | D:10     | Mangled by an efreet

Vanquished Creatures
  A centaur warrior (D:10)
  3 two-headed ogres
  A deep elf pyromancer (D:10)
  A cyclops (D:10)
  2 ugly things (D:10)
  A gargoyle (D:7)
  2 unseen horrors (D:10)
  2 trolls
  2 wraiths
  A wyvern (D:9)
  11 yaks
  A steam dragon (D:8)
  The ghost of bande the Covered, an amateur GrFi (D:3)
  2 acid dragons
  2 orc warriors (D:10)
  3 ice beasts
  3 sky beasts
  A black bear (D:6)
  An ogre (D:5)
  6 centaurs
  A kobold brigand (D:7)
  4 bullfrogs
  A gnoll sergeant (D:9)
  3 necrophages
  3 scorpions
  9 wights
  3 killer bees (D:7)
  A hound (D:7)
  5 orc priests
  4 jellies
  A gnoll shaman (D:7)
  2 iguanas (D:6)
  6 orc wizards
  Robin (D:4)
  6 adders
  13 gnolls
  5 shadow imps
  2 white imps (D:6)
  A worm (D:2)
  4 dart slugs
  53 orcs
  4 endoplasms (D:1)
  4 giant cockroaches
  18 goblins
  11 hobgoblins
  6 jackals
  10 kobolds
  3 quokkas
  7 ball pythons
  12 bats
  4 frilled lizards
  6 rats
260 creatures vanquished.

Vanquished Creatures (collateral kills)
  3 yaks (D:9)
  An orc warrior (D:6)
  2 orc wizards (D:6)
  4 orcs (D:6)
10 creatures vanquished.

Vanquished Creatures (others)
  An orc wizard (D:6)
  7 fungi (D:10)
8 creatures vanquished.

Grand Total: 278 creatures vanquished

Table legend:
 A = Non-vault XP
 B = Vault XP
 C = Vault XP percentage of total XP
 D = Non-vault monster count
 E = Vault monster count
 F = Vault count percentage of total count
                 A         B        C        D         E       F
            +---------+---------+-------+---------+---------+-------
      Total |   10990 |    6111 |  35.7 |     202 |      68 |  25.2
            +---------+---------+-------+---------+---------+-------
        D:1 |      53 |       0 |   0.0 |      30 |       0 |   0.0
        D:2 |      50 |      33 |  39.8 |      16 |      10 |  38.5
        D:3 |     102 |     202 |  66.4 |      23 |       2 |   8.0
        D:4 |     414 |      38 |   8.4 |      26 |      13 |  33.3
        D:5 |     904 |       0 |   0.0 |      14 |       0 |   0.0
        D:6 |     724 |     692 |  48.9 |      15 |      28 |  65.1
        D:7 |     983 |       0 |   0.0 |      29 |       0 |   0.0
        D:8 |    2244 |       0 |   0.0 |      20 |       0 |   0.0
        D:9 |    3731 |       0 |   0.0 |      18 |       0 |   0.0
       D:10 |    1785 |    5146 |  74.2 |      11 |      15 |  57.7
            +---------+---------+-------+---------+---------+-------

Illustrated notes

Table legend:
 A = Kills in this place as a percentage of kills in entire the game.
 B = Kills by you in this place as a percentage of kills by you in the entire game.
 C = Kills by friends in this place as a percentage of kills by friends in the entire game.
 D = Other kills in this place as a percentage of other kills in the entire game.
 E = Experience gained in this place as a percentage of experience gained in the entire game.
 F = Experience gained in this place divided by the number of levels of this place that you have seen.
                   A       B       C       D       E      F
               +-------+-------+-------+-------+-------+----------------------
         Total | 100.0 | 100.0 | 100.0 |   N/A | 100.0 | 1710.1
       Dungeon | 100.0 | 100.0 | 100.0 |   N/A | 100.0 | 1710.1
               +-------+-------+-------+-------+-------+----------------------

Table legend: (Time is in decaauts)
 A = Elapsed time spent in this place.
 B = Non-inter-level travel time spent in this place.
 C = Inter-level travel time spent in this place.
 D = Time resting spent in this place.
 E = Time spent auto-exploring this place.
 F = Levels seen in this place.
 G = Mean time per level.
                   A        B        C        D        E       F      G
               +--------+--------+--------+--------+--------+-----+--------+
         Total |   7970 |   7528 |    442 |   1530 |   4564 |  10 |  797.0 |
       Dungeon |   7970 |   7528 |    442 |   1530 |   4564 |  10 |  797.0 |
               +--------+--------+--------+--------+--------+-----+--------+

Top non-repeatable levels by time:
     D:2: 1320 daAuts
     D:1: 1053 daAuts
     D:6: 1022 daAuts
     D:7: 952 daAuts
     D:5: 878 daAuts
     D:3: 751 daAuts
     D:8: 695 daAuts
     D:4: 537 daAuts
     D:9: 483 daAuts
    D:10: 276 daAuts
